 Dungeon Crawl Stone Soup version 0.29-a0-337-g68df138881 (webtiles) character file.

Game seed: 2918630438107598405

29 sammy202020 the Skirmisher (level 3, 28/29 HPs)
             Began as a Demonspawn Berserker on Apr 16, 2022.
             Was a Follower of Trog.
             Quit the game on level 2 of the Dungeon.
             The game lasted 00:01:36 (1916 turns).

sammy202020 the Skirmisher (Demonspawn Berserker)   Turns: 1916, Time: 00:01:37

Health: 28/29      AC:  3    Str: 17    XL:     3   Next: 1%
Magic:  3/3        EV: 12    Int: 10    God:    Trog [*.....]
Gold:   43         SH:  0    Dex: 12    Spells: 2/2 levels left

rFire   . . .      SeeInvis .   a - +0 hand axe
rCold   . . .      Faith    .   (no shield)
rNeg    . . .      Spirit   .   b - +1 animal skin
rPois   .          Reflect  .   (helmet restricted)
rElec   .          Harm     .   (no cloak)
rCorr   .          Rampage  .   (no gloves)
Will    .....                   (no boots)
Stlth   +.........              (no amulet)
HPRegen 0.09/turn               (no ring)
MPRegen 0.08/turn               (no ring)

@: no status effects
A: antennae 1, hooves 1
a: Renounce Religion, Berserk


You were on level 2 of the Dungeon.
You worshipped Trog.
Trog was aware of your devotion.
You visited 1 branch of the dungeon, and saw 2 of its levels.

You collected 43 gold pieces.

Inventory:

Hand Weapons
 a - a +0 hand axe (weapon)
Armour
 b - a +1 animal skin (worn)
Potions
 c - a potion of mutation {unknown}
 d - a potion of curing {unknown}
 f - a potion of haste {unknown}
 g - 2 potions of magic
 h - a potion of attraction {unknown}
 j - a potion of might {unknown}
 m - 2 potions of heal wounds


   Skills:
 * Level 3.5 Fighting
 * Level 3.1 Axes
 + Level 2.1 Armour
 - Level 1.7 Dodging


You had 2 spell levels left.
You didn't know any spells.
Your spell library was empty.

Dungeon Overview and Level Annotations

Branches:
Dungeon (2/15)

Altars:


Innate Abilities, Weirdness & Mutations

You have a pair of small antennae on your head.
You have large cloven feet.


Message History

No target in view!
No target in view!
No target in view!
An endoplasm comes into view.
An endoplasm is nearby!
An endoplasm is nearby!
You slash the endoplasm!
You kill the endoplasm!
Trog accepts your kill.
No target in view!
No target in view!
No target in view!
No target in view!
No target in view!
No target in view!
No target in view!
No target in view!
No target in view!
No target in view!
No target in view!
No target in view!
No target in view!
No target in view!
A goblin comes into view. It is wielding a +0 dagger.
The goblin shouts!
A goblin is nearby!
A goblin is nearby!
The goblin hits you with a +0 dagger.
You slash the goblin!
You kill the goblin!
Trog accepts your kill.
You have reached level 3!
Your experience leads to an increase in your attributes!
Increase (S)trength, (I)ntelligence, or (D)exterity?
You feel clever. x2; Your demonic ancestry asserts itself...
Your feet thicken and deform.
Are you sure you want to abandon this character and quit the game? (Confirm with "yes".)
Okay, then.
Unknown command.
Are you sure you want to abandon this character and quit the game? (Confirm with "yes".)

....**,,,,#.*,*
..#.###**...*,***
..#...###...,,,,*
.:......##.#**<,********
........##.# *,,,,,,,,,**
........##.# *********,,*
.........#.# ***##,**
...........########,..,,,*
........#.......@.#.#***,**
..................).# *,,*
...........##.......# **,*
...........##..#...##****,*
...........######......,*,******
....†......#****#......,,,,,,,,*
........#..#*,,*..##....,,****,*
...........#*,,,..#*.#..,,,,,*,*
.............,,,..#*###.,,,,,,,*


There were no monsters in sight!

Vanquished Creatures
  A worm (D:2)
  A dart slug (D:1)
  An orc (D:2)
  2 bats
  3 endoplasms
  4 giant cockroaches (D:1)
  A goblin (D:2)
  2 hobgoblins (D:1)
  A kobold (D:2)
  A quokka (D:1)
  2 rats
19 creatures vanquished.

Vanquished Creatures (others)
  2 fungi (D:1)
2 creatures vanquished.

Grand Total: 21 creatures vanquished

Notes
Turn   | Place    | Note
-------+----------+-------------------------------------------
     0 | D:1      | sammy202020 the Demonspawn Berserker began the quest for
                  | the Orb.
     0 | D:1      | Reached XP level 1. HP: 18/18 MP: 1/1
   784 | D:1      | Discovered your monstrous ancestry.
   784 | D:1      | Gained mutation: You have a pair of small antennae on your
                  | head. [demonic ancestry]
   784 | D:1      | Reached XP level 2. HP: 24/24 MP: 2/2
  1487 | D:1      | Found a faded altar of an unknown god.
  1915 | D:2      | Gained mutation: You have large cloven feet. [demonic
                  | ancestry]
  1915 | D:2      | Reached XP level 3. HP: 28/29 MP: 3/3
  1916 | D:2      | Quit the game

Illustrated notes

Levels and vault maps discovered:
D:1:      matt_arrival_diagonals, layout_basic,
          shapermc_ecumenical_altar_mp_urbaneastern
D:2:      layout_rooms, kennysheep_pointless_box,
          chequers_serial_rivers_micro_b, hangedman_decor_growths,
          corexii_hall_statues_deadend, minmay_indecisive_spiral

Skill      XL: |  1  2 |
---------------+-------+-----
Axes           | 3 |  3.1
Armour         | 2 |  2.1
Fighting       | |  3.5
Dodging        | |  1.7

Action                   || total
-------------------------++-------
Melee: Hand axe          ||    77
       Punch             ||     1
  Use: Scroll            ||     7
 Stab: Sleeping          ||     1
Armor: Animal skin       ||    11
Dodge: Dodged            ||    41

Table legend: (Time is in decaauts)
 A = Elapsed time spent in this place.
 B = Non-inter-level travel time spent in this place.
 C = Inter-level travel time spent in this place.
 D = Time resting spent in this place.
 E = Time spent auto-exploring this place.
 F = Levels seen in this place.
 G = Mean time per level.
                   A        B        C        D        E       F      G
               +--------+--------+--------+--------+--------+-----+--------+
         Total |   1927 |   1857 |     70 |      0 |   1650 |   2 |  963.5 |
       Dungeon |   1927 |   1857 |     70 |      0 |   1650 |   2 |  963.5 |
               +--------+--------+--------+--------+--------+-----+--------+

Top non-repeatable levels by time:
     D:1: 1578 daAuts
     D:2: 348 daAuts
